 Dungeon Crawl Stone Soup version 0.27-a0-871-g6d840cc (webtiles) character file.

Game seed: 1244658446758460377

58 Nithhogg the Skirmisher (level 4, -4/37 HPs)
             Began as a Barachi Fighter on Apr 2, 2021.
             Succumbed to Sigmund's poison
             ... on level 3 of the Dungeon.
             The game lasted 00:01:54 (1875 turns).

Nithhogg the Skirmisher (Barachi Fighter)           Turns: 1875, Time: 00:01:55

Health: -4/37      AC:  9    Str: 19    XL:     4   Next: 2%
Magic:  4/4        EV: 10    Int:  8    God:
Gold:   114        SH:  0    Dex: 11    Spells: 3/3 levels left

rFire    . . .     SeeInvis .   a - +0 long sword
rCold    . . .     Faith    .   (no shield)
rNeg     . . .     Spirit   .   b - +0 scale mail
rPois    .         Reflect  .   f - +0 helmet
rElec    .         Harm     .   (no cloak)
rCorr    .         Rampage  .   i - +0 pair of gloves
Will     .....                  (no boots)
Stlth    ..........             (no amulet)
HPRegen  0.12/turn              (no ring)
MPRegen  0.09/turn              (no ring)

@: lethally poisoned (-4 -> -21), slow
A: +LOS, amphibious, slowness 1, strong legs 1
a: Hop


You were on level 3 of the Dungeon.
You visited 1 branch of the dungeon, and saw 3 of its levels.

You collected 114 gold pieces.

Inventory:

Hand Weapons
 a - a +0 long sword (weapon)
Armour
 b - a +0 scale mail (worn)
 c - a +0 kite shield
 f - a +0 helmet (worn)
 i - a +0 pair of gloves (worn)
Scrolls
 g - a scroll of teleportation
 k - a scroll of holy word {unknown}
Potions
 d - a potion of mutation {unknown}
 e - 2 potions of ambrosia {unknown}
 h - a potion of brilliance {unknown}
 j - a potion of berserk rage {unknown}


   Skills:
 + Level 4.1 Fighting
 * Level 3.6 Long Blades
 + Level 4.1 Armour
 + Level 1.4 Dodging
 - Level 3.2 Shields


You had 3 spell levels left.
You didn't know any spells.
Your spell library was empty.

Dungeon Overview and Level Annotations

Branches:
Dungeon (3/15)

Altars:

Annotations:
D:3 Natasha, Sigmund


Innate Abilities, Weirdness & Mutations

You can be seen from farther away. (+LOS)
You are amphibious.
You cover ground slowly.
You can hop short distances.


Message History

The hobgoblin is severely wounded.
The hobgoblin barely misses you.
You riposte.
You hit the hobgoblin but do no damage.
The hobgoblin is severely wounded.
A kobold comes into view.
It is wielding a +0 dagger and quivering poisoned darts.
The hobgoblin completely misses you.
The kobold shouts!
You slash the hobgoblin!
You kill the hobgoblin!
Something hits you but does no damage.
You are poisoned.
The crimson imp hits you but does no damage.
Something hits you.
You are more poisoned.
Natasha mumbles some strange words.
You hit the crimson imp.
The crimson imp is lightly wounded.
You feel extremely sick. The crimson imp closely misses you.
Something hits you but does no damage.
You are more poisoned.
Natasha mumbles some strange words.
Natasha glows brightly for a moment.
The crimson imp hits you but does no damage.
Natasha mumbles some strange words.
Something hits you but does no damage.
You are lethally poisoned!
You closely miss the crimson imp.
You feel extremely sick.
The crimson imp hits you but does no damage.
Something hits you but does no damage.
You are more poisoned.
The crimson imp blinks!
Something hits you!
* * * LOW HITPOINT WARNING * * *
You are too injured to fight recklessly!
* * * LOW HITPOINT WARNING * * *
You feel extremely sick.
Natasha stares at you and mumbles some strange words.
You resist with some effort.
You feel yourself speed up.
You die...

..##.# ......# #.##.#
......# #.##.# .....
#.##.# ...#
#.##.######...#####
#.##.##............
########.##.##5.5.........
.............h5K..........
########.#@.##.......>....
#.#.#######.#...... #.#.#
.##.#### #.#.# .. ?# #.#.#
### # #.#<# #.### #.#


You could see an iron imp (summoned), Natasha, a crimson imp (summoned), a white
imp (summoned) and a kobold.

Vanquished Creatures
  3 adders (D:2)
  2 dart slugs (D:2)
  3 bats
  An endoplasm (D:2)
  A giant cockroach (D:1)
  2 goblins
  4 hobgoblins
  3 quokkas
  2 ball pythons (D:2)
  3 kobolds
  A rat (D:2)
25 creatures vanquished.

Notes
Turn   | Place    | Note
-------+----------+-------------------------------------------
     0 | D:1      | Nithhogg the Barachi Fighter began the quest for the Orb.
     0 | D:1      | Reached XP level 1. HP: 18/18 MP: 1/1
     8 | D:1      | Noticed an electric eel
     9 | D:1      | Noticed an electric eel
   123 | D:1      | Found a faded altar of an unknown god.
   461 | D:1      | Reached XP level 2. HP: 20/25 MP: 2/2
   924 | D:2      | Reached skill level 1 in Dodging
   924 | D:2      | Reached XP level 3. HP: 10/30 MP: 3/3
  1589 | D:2      | Reached XP level 4. HP: 37/37 MP: 4/4
  1864 | D:3      | Noticed Sigmund
  1864 | D:3      | Noticed Natasha
  1875 | D:3      | Succumbed to Sigmund's poison

Illustrated notes

Levels and vault maps discovered:
D:1:      arrival_aquarium_b, layout_basic,
          shapermc_ecumenical_altar_totnotflames, grunt_decor_fettered,
          minmay_hedge_maze
D:2:      layout_basic
D:3:      layout_basic, demons_altar, uniq_ijyb, uniq_sigmund, uniq_robin,
          uniq_crazy_yiuf_cottage, uniq_natasha

Skill      XL: |  1  2  3 |
---------------+----------+-----
Long Blades    | 3 |  3.6
Dodging        | 1 |  1.4
Fighting       | 4 |  4.1
Armour         | 4 |  4.1
Shields        | |  3.2

Action                   |  1- 3 |  4- 6 || total
-------------------------+-------+-------++-------
Melee: Long sword        |    75 |     4 ||    79
  Use: Scroll            |     3 |       ||     3
       Potion            |     1 |       ||     1
Armor: Scale mail        |    52 |     8 ||    60
Dodge: Dodged            |    65 |     4 ||    69
       Rpst.: Long sword |    21 |     1 ||    22

Table legend: (Time is in decaauts)
 A = Elapsed time spent in this place.
 B = Non-inter-level travel time spent in this place.
 C = Inter-level travel time spent in this place.
 D = Time resting spent in this place.
 E = Time spent auto-exploring this place.
 F = Levels seen in this place.
 G = Mean time per level.
                   A        B        C        D        E       F      G
               +--------+--------+--------+--------+--------+-----+--------+
         Total |   2161 |   2095 |     66 |      0 |   1878 |   3 |  720.3 |
       Dungeon |   2161 |   2095 |     66 |      0 |   1878 |   3 |  720.3 |
               +--------+--------+--------+--------+--------+-----+--------+

Top non-repeatable levels by time:
     D:1: 1063 daAuts
     D:2: 1056 daAuts
     D:3: 42 daAuts
